 Dungeon Crawl Stone Soup version 0.19-b1-3-g7dea586 (webtiles) character file.

851 Mesmaeker13 the Destroyer (level 7, -6/41 HPs)
             Began as a High Elf Conjurer on Oct 28, 2016.
             Mangled by dorian's ghost (36 damage)
             ... on level 5 of the Dungeon.
             The game lasted 00:16:11 (5276 turns).

Mesmaeker13 the Destroyer (High Elf Conjurer)       Turns: 5276, Time: 00:16:11

Health: -6/41      AC:  9    Str:  7    XL:     7   Next: 69%
Magic:  6/18       EV: 16    Int: 21    God:
Gold:   184        SH:  0    Dex: 16    Spells: 4 memorised, 10 levels left

rFire  x . .     SeeInvis .     p - +0 dagger (speed)
rCold  + + .     Gourm    .     r - +2 robe
rNeg   . . .     Faith    .     (no shield)
rPois  .         Spirit   .     v - +1 helmet
rElec  .         Reflect  .     (no cloak)
rCorr  .         Harm     .     s - +0 pair of gloves
MR     .....                    d - +1 pair of boots
Stlth  ++........               (no amulet)
                                w - +3 ring of evasion
                                h - ring of ice

@: no status effects
A: cold resistance 1, wild magic 2
a: no special abilities


You were on level 5 of the Dungeon.
You were hungry.

You visited 2 branches of the dungeon, and saw 6 of its levels.

You collected 184 gold pieces.

Inventory:

Hand Weapons
 a - a +0 rapier
 p - a +0 dagger of speed (weapon)
Armour
 d - a +1 pair of boots (worn)
 o - a +1 leather armour of magic resistance
 r - a +2 robe (worn)
 s - a +0 pair of gloves (worn)
 u - +0 gold dragon scales
 v - a +1 helmet (worn)
Jewellery
 h - a ring of ice (left hand)
 i - an uncursed ring of fire {unknown}
 w - a +3 ring of evasion (right hand)
Scrolls
 f - 2 scrolls of fear {unknown}
 j - 2 scrolls of remove curse
 k - a scroll of magic mapping
 m - a scroll of noise {unknown}
 q - a scroll of identify
 x - a scroll of recharging {unknown}
 y - a scroll of amnesia {unknown}
Potions
 e - a potion of cancellation
 t - a potion of cure mutation
 z - 2 potions of degeneration {unknown}
Books
 b - a book of Conjurations

   Spells                             Type                      Level
   a - Magic Dart                     Conjuration                  1
   b - Searing Ray                    Conjuration                  2
   c - Dazzling Spray                 Conjuration/Hexes            3
   d - Fulminant Prism                Conjuration/Hexes            4
   e - Iskenderun's Mystic Blast      Conjuration                  4
   f - Iskenderun's Battlesphere      Conjuration/Charms           5
Comestibles
 c - 2 bread rations
 g - a slice of pizza
 l - a beef jerky
 n - a meat ration


   Skills:
 - Level 2.1 Dodging
 - Level 2.1 Stealth
 + Level 7.2 Spellcasting
 + Level 8.0 Conjurations


You had 10 spell levels left.
You knew the following spells:

 Your Spells              Type           Power        Failure   Level  Hunger
a - Magic Dart            Conj           ####         2%          1    None
b - Searing Ray           Conj           ######       2%          2    None
c - Dazzling Spray        Conj/Hex       #####.       14%         3    None
d - Iskenderun's Mystic   Conj           ######..     10%         4    ###....


Dungeon Overview and Level Annotations

Branches:
Dungeon (5/15)             Temple (1/1) D:4

Altars:
Ashenzari
Cheibriados
Dithmenos
Fedhas
Gozag
Kikubaaqudgha
Makhleb
Nemelex Xobeh
Okawaru
Qazlal
Ru
Vehumet
Xom
Yredelemnul
The Shining One

Annotations:
D:5 dorian's ghost, novice OgHu


Innate Abilities, Weirdness & Mutations

Your flesh is cold resistant. (rC+)
Your spells are harder to cast, but more powerful.


Message History

The adder zombie is severely damaged.
The adder zombie bites you but does no damage.
The searing ray hits the adder zombie.
You destroy the adder zombie!
The searing ray hits dorian's ghost.
Dorian's ghost is lightly damaged.
You finish channeling your searing ray.
Casting: Searing Ray
Confirm with . or Enter, or press ? or * to list all spells.
Aiming: Searing Ray
Press: ? - help, Shift-Dir - straight line, f - dorian's ghost
Aim: dorian's ghost (lightly damaged)
The searing ray hits dorian's ghost.
Dorian's ghost is moderately damaged.
Dorian's ghost hits you!
The searing ray hits dorian's ghost.
Dorian's ghost is moderately damaged.
Dorian's ghost hits you!!!
Ouch! That really hurt!
You die...

...##.#
.......
.......
.......
....... ######
....(..
#....##.......
#<..@W...(....
#....##....###
#....# ....#
#....# .......
###### .......
..W....
....##. ....#


You could see dorian's ghost.

Vanquished Creatures
  Duvessa (D:4)
  A centaur (D:5)
  Dowan (D:4)
  A crimson imp (D:4)
  A hound (D:4)
  An orc wizard (D:4)
  3 orc priests
  An iguana (D:4)
  10 worker ants
  5 adders
  An ooze (D:4)
  An adder zombie (D:5)
  A worm (D:3)
  2 dart slugs
  4 leopard geckos
  14 orcs
  7 giant cockroaches
  6 goblins
  6 hobgoblins
  22 jackals
  A quokka (D:2)
  A ball python (D:4)
  7 bats
  5 frilled lizards
  6 kobolds
  A leopard gecko skeleton (D:5)
  10 rats
120 creatures vanquished.

Notes
Turn   | Place    | Note
-------+----------+-------------------------------------------
     0 | D:1      | Mesmaeker13 the High Elf Conjurer began the quest for the Orb.
     0 | D:1      | Reached XP level 1. HP: 11/11 MP: 4/4
   360 | D:1      | Reached XP level 2. HP: 17/17 MP: 1/6
  1100 | D:1      | Reached XP level 3. HP: 18/21 MP: 3/8
  1158 | D:2      | Learned a level 2 spell: Searing Ray
  1198 | D:2      | Reached skill level 5 in Conjurations
  1448 | D:2      | Found a shadowy altar of Dithmenos.
  1646 | D:2      | Found an ancient bone altar of Kikubaaqudgha.
  1710 | D:2      | Reached XP level 4. HP: 27/27 MP: 8/11
  1976 | D:3      | Learned a level 3 spell: Dazzling Spray
  2694 | D:3      | Reached XP level 5. HP: 31/31 MP: 9/12
  2905 | D:3      | Reached skill level 6 in Conjurations
  2934 | D:3      | Learned a level 4 spell: Iskenderun's Mystic Blast
  3150 | D:4      | Found a staircase to the Ecumenical Temple.
  3178 | Temple   | Entered the Ecumenical Temple
  3285 | D:4      | Reached skill level 5 in Spellcasting
  3560 | D:4      | Noticed Duvessa
  3560 | D:4      | Noticed Dowan
  3565 | D:4      | Gained mutation: Your spells are a little harder to cast, but a little more powerful. [potion of mutation]
  3565 | D:4      | Gained mutation: Your spells are harder to cast, but more powerful. [potion of mutation]
  3565 | D:4      | Gained mutation: Your flesh is cold resistant. (rC+) [potion of mutation]
  3578 | D:4      | Killed Dowan
  3578 | D:4      | Reached XP level 6. HP: 12/36 MP: 3/14
  3796 | D:4      | Killed Duvessa
  4050 | D:4      | Reached skill level 7 in Conjurations
  4471 | D:4      | Reached XP level 7. HP: 41/41 MP: 13/17
  4832 | D:4      | Found a shimmering altar of Xom.
  5010 | D:5      | Entered Level 5 of the Dungeon
  5265 | D:5      | Reached skill level 8 in Conjurations
  5268 | D:5      | Noticed dorian's ghost (novice OgHu)
  5276 | D:5      | Mangled by dorian's ghost

Skill      XL: |  1  2  3  4  5  6  7 |
---------------+----------------------+-----
Spellcasting   | 3 4 5 6 7 |  7.2
Conjurations   | 5 6 7 8 |  8.0
Dodging        | |  2.1
Stealth        | |  2.1

Action                   |  1- 3 |  4- 6 |  7- 9 || total
-------------------------+-------+-------+-------++-------
Melee: Dagger            |    22 |    78 |     5 ||   105
 Cast: Magic Dart        |    77 |    60 |    12 ||   149
       Searing Ray       |       |    21 |    11 ||    32
       Dazzling Spray    |       |     2 |     3 ||     5
  Use: Scroll            |     8 |     2 |       ||    10
       Potion            |       |     2 |       ||     2
 Stab: Sleeping          |     5 |     2 |     1 ||     8
  Eat: Chunk             |     2 |     9 |     2 ||    13
Armor: Robe              |     4 |    18 |     5 ||    27
       Leather armour    |     1 |       |       ||     1
Dodge: Dodged            |    22 |    88 |    15 ||   125
